 Dungeon Crawl Stone Soup version 0.27-a0-797-g27d10ad80f (webtiles) character file.

Game seed: 5468085066387366686

2209 sahdkjhfkaj the Blocker (level 9, -6/78 HPs)
             Began as a Minotaur Fighter on Mar 27, 2021.
             Was a Believer of Cheibriados.
             Mangled by a steam dragon (8 damage)
             ... on level 7 of the Dungeon.
             The game lasted 00:01:17 (5989 turns).

sahdkjhfkaj the Blocker (Minotaur Fighter)          Turns: 5989, Time: 00:01:17

Health: -6/78      AC:  8    Str: 29    XL:     9   Next: 13%
Magic:  0/8        EV:  9    Int: 10    God:    Cheibriados [**....]
Gold:   320        SH: 13    Dex: 15    Spells: 8/8 levels left

rFire    . . .     SeeInvis .     - Unarmed
rCold    . . .     Faith    .   b - +0 kite shield
rNeg     . . .     Spirit   +   r - +2 ring mail {rPois}
rPois    +         Reflect  .   (helmet restricted)
rElec    .         Harm     .   (no cloak)
rCorr    .         Rampage  .   (no gloves)
Will     .....                  (no boots)
Stlth    +.........             o - amulet of guardian spirit
HPRegen  0.23/turn              j - +4 ring of slaying
MPRegen  0.11/turn              (no ring)

@: very slow
A: horns 2, retaliatory headbutt
a: Renounce Religion, Bend Time


You were on level 7 of the Dungeon.
You worshipped Cheibriados.
Cheibriados was pleased with you.
You visited 1 branch of the dungeon, and saw 7 of its levels.

You collected 320 gold pieces.

Inventory:

Missiles
 g - 3 throwing nets (quivered)
Armour
 b - a +0 kite shield (worn)
 r - a +2 ring mail of poison resistance (worn)
   (You found it on level 4 of the Dungeon)
Jewellery
 i - a +4 ring of slaying
   (You found it on level 5 of the Dungeon)
 j - a +4 ring of slaying (left hand)
   (You found it on level 2 of the Dungeon)
 o - an amulet of guardian spirit (around neck)
   (You found it on level 4 of the Dungeon)
Wands
 s - a wand of mindburst (14)
   (You found it on level 6 of the Dungeon)
Scrolls
 a - a scroll of vulnerability {unknown}
 c - 4 scrolls of magic mapping
 f - a scroll of identify
 h - a scroll of enchant armour
 l - a scroll of holy word
 n - a scroll of acquirement {unknown}
 t - 3 scrolls of teleportation
Potions
 d - 3 potions of might
 e - a potion of flight {unknown}
 k - a potion of degeneration {unknown}
 m - a potion of berserk rage {unknown}
 p - a potion of attraction {unknown}
 q - 3 potions of curing
 u - a potion of haste {unknown}


   Skills:
 + Level 6.9 Fighting
 + Level 6.8 Armour
 * Level 9.2 Shields
 * Level 8.0 Unarmed Combat


You had 8 spell levels left.
You didn't know any spells.
Your spell library was empty.

Dungeon Overview and Level Annotations

Branches:
Dungeon (7/15)             Temple (0/1) D:7

Altars:
Ashenzari
Cheibriados
Elyvilon
Okawaru
Qazlal
Trog
Wu Jian


Innate Abilities, Weirdness & Mutations

You have a pair of horns on your head.
You reflexively headbutt those who attack you in melee.


Message History

You are too injured to fight recklessly!
You are too injured to fight recklessly!
You are too injured to fight recklessly!
You are too injured to fight recklessly!
You are too injured to fight recklessly!
You are too injured to fight recklessly!
You are too injured to fight recklessly!
You are too injured to fight recklessly!
You are too injured to fight recklessly!
You are too injured to fight recklessly!
You are too injured to fight recklessly!
You are too injured to fight recklessly!
You are too injured to fight recklessly!
You are too injured to fight recklessly!
You are too injured to fight recklessly!
You are too injured to fight recklessly!
You are too injured to fight recklessly!
You are too injured to fight recklessly!
You are too injured to fight recklessly!
You are too injured to fight recklessly!
You are too injured to fight recklessly!
You are too injured to fight recklessly!
You are too injured to fight recklessly!
You are too injured to fight recklessly!
You're standing in a cloud of steam!
You're standing in a cloud of steam!
You're standing in a cloud of steam!
You're standing in a cloud of steam!
You hit the steam dragon. You headbutt the steam dragon!
The steam dragon is severely wounded.
The steam dragon breathes steam at you. The ball of steam hits you!
* * * LOW HITPOINT WARNING * * *
You completely miss the steam dragon.
You headbutt the steam dragon, but do no damage.
The steam dragon is severely wounded.
You are engulfed in a cloud of scalding steam.
* * * LOW HITPOINT WARNING * * *
The steam dragon bites you!
You die...

#..# #.# ##.#
#.# ##.# #.#
#..# #.# #...
#.# ## ...
#.# ≈# ...
#.##≈# #
#.#≈≈#.#
#@§≈≈..#
##D≈≈..#
......oo.≈≈.#
####.≈.≈≈≈.≈#
....≈:≈≈..#
#.###≈..≈≈.≈#
# #≈.≈≈≈..#
#...≈≈.(.
#....≈≈.##


You could see a steam dragon and an orc wizard.

Vanquished Creatures
  A two-headed ogre (D:7)
  Sigmund (D:3)
  A black bear (D:5)
  4 necrophages
  An ice beast (D:6)
  An ogre (D:6)
  A centaur (D:5)
  A bullfrog (D:6)
  A gnoll sergeant (D:6)
  A water moccasin zombie (D:5)
  A scorpion (D:5)
  A water moccasin skeleton (D:5)
  A centaur zombie (D:6)
  2 jellies (D:7)
  2 hounds
  A centaur skeleton (D:5)
  A bullfrog skeleton (D:6)
  Terence (D:3)
  An iguana (D:4)
  An orc wizard (D:5)
  2 hound zombies (D:5)
  3 gnolls (D:6)
  10 adders
  A shadow imp (D:2)
  3 worms (D:2)
  2 dart slugs
  16 orcs
  2 endoplasms
  3 giant cockroaches
  5 goblins
  12 hobgoblins
  2 jackals (D:4)
  2 quokkas
  3 ball pythons
  2 bats
  8 frilled lizards
  4 kobolds
  2 rats
107 creatures vanquished.

Notes
Turn   | Place    | Note
-------+----------+-------------------------------------------
     0 | D:1      | sahdkjhfkaj the Minotaur Fighter began the quest for the
                  | Orb.
     0 | D:1      | Reached XP level 1. HP: 19/19 MP: 0/0
    31 | D:1      | You fall into a shaft and drop 1 floor!
   304 | D:2      | Reached XP level 2. HP: 14/27 MP: 1/1
   492 | D:2      | Reached skill level 4 in Shields
   777 | D:2      | Reached XP level 3. HP: 19/33 MP: 2/2
  1229 | D:2      | Found an ornate altar of the Wu Jian Council.
  1396 | D:3      | Noticed Terence
  1418 | D:3      | Killed Terence
  1419 | D:3      | Reached XP level 4. HP: 20/40 MP: 3/3
  1845 | D:3      | Noticed Sigmund
  1853 | D:3      | Killed Sigmund
  1854 | D:3      | Reached skill level 5 in Shields
  1854 | D:3      | Reached XP level 5. HP: 34/47 MP: 4/4
  2161 | D:3      | Found a faded altar of an unknown god.
  2165 | D:3      | Reached XP level 6. HP: 53/53 MP: 5/5
  3151 | D:4      | Found a broken altar of Ashenzari.
  3176 | D:4      | Found a snail-covered altar of Cheibriados.
  3183 | D:4      | Found a bloodstained altar of Trog.
  3184 | D:4      | Found a white marble altar of Elyvilon.
  3837 | D:4      | Became a worshipper of Cheibriados the Contemplative
  3879 | D:5      | Entered Level 5 of the Dungeon
  3978 | D:5      | Found a stormy altar of Qazlal.
  3986 | D:5      | Reached skill level 6 in Shields
  4161 | D:5      | Reached skill level 5 in Unarmed Combat
  4205 | D:5      | Reached skill level 5 in Fighting
  4205 | D:5      | Reached skill level 5 in Armour
  4205 | D:5      | Reached XP level 7. HP: 56/61 MP: 4/6
  4509 | D:5      | Reached * piety under Cheibriados
  4530 | D:5      | Reached skill level 7 in Shields
  4946 | D:6      | Reached XP level 8. HP: 70/70 MP: 7/7
  5254 | D:6      | Found an iron altar of Okawaru.
  5280 | D:6      | Reached skill level 8 in Shields
  5423 | D:6      | Reached ** piety under Cheibriados
  5641 | D:7      | Found a staircase to the Ecumenical Temple.
  5831 | D:7      | Noticed a two-headed ogre
  5837 | D:7      | Killed a two-headed ogre
  5838 | D:7      | Reached skill level 9 in Shields
  5838 | D:7      | Reached XP level 9. HP: 50/78 MP: 5/8
  5989 | D:7      | HP: 1/78 [steam dragon] (5)]
  5989 | D:7      | Mangled by a steam dragon

Illustrated notes

Levels and vault maps discovered:
D:1:      wheals_arrival_linesprint, layout_basic
D:2:      layout_loops_ring, general_overflow_altar
D:3:      layout_basic, chequers_ecumenical_altar_lobes, minmay_vboxes,
          uniq_terence, uniq_sigmund
D:4:      layout_gridville, chequers_temple_overflow_statue_of_worship,
          minivault_25, abandoned_shop, minmay_statues_item
D:5:      layout_cave_pods, lemuel_crystal_altar
D:6:      layout_basic, minivault_27, grunt_ministairs_12,
          okawaru_altar_gauntlet_db
D:7:      layout_loops_ring, minmay_temple_entry_statues,
          chequers_serial_rivers_room_a, minmay_misc_feat_rugged,
          chequers_serial_rivers_small_3, dk_yredelemnul_ordeal, uniq_duvessa

Skill      XL: |  1  2  3  4  5  6  7  8 |
---------------+-------------------------+-----
Shields        | 4 5 6 7 9 |  9.2
Unarmed Combat | 3 4 5 6 8 |  8.0
Fighting       | 4 5 6 |  6.9
Armour         | 4 5 6 |  6.8

Action                   |  1- 3 |  4- 6 |  7- 9 || total
-------------------------+-------+-------+-------++-------
Melee: Unarmed           |    91 |    71 |    92 ||   254
       Headbutt          |    16 |    16 |    27 ||    59
  Use: Potion            |       |     1 |       ||     1
       Scroll            |       |     7 |       ||     7
Armor: Scale mail        |    20 |    16 |       ||    36
       Ring mail         |       |    13 |    34 ||    47
Dodge: Dodged            |    26 |    26 |    31 ||    83
Block: Kite shield       |    33 |    32 |    55 ||   120

Table legend: (Time is in decaauts)
 A = Elapsed time spent in this place.
 B = Non-inter-level travel time spent in this place.
 C = Inter-level travel time spent in this place.
 D = Time resting spent in this place.
 E = Time spent auto-exploring this place.
 F = Levels seen in this place.
 G = Mean time per level.
                   A        B        C        D        E       F      G
               +--------+--------+--------+--------+--------+-----+--------+
         Total |   6593 |   6261 |    332 |      0 |   5663 |   7 |  941.9 |
       Dungeon |   6593 |   6261 |    332 |      0 |   5663 |   7 |  941.9 |
               +--------+--------+--------+--------+--------+-----+--------+

Top non-repeatable levels by time:
     D:2: 1375 daAuts
     D:5: 1299 daAuts
     D:3: 1146 daAuts
     D:6: 864 daAuts
     D:4: 746 daAuts
     D:1: 641 daAuts
     D:7: 520 daAuts
